 Dungeon Crawl Stone Soup version 0.30.1-3-gfc49f6343a (webtiles) character file.

Game seed: 8489983237493603446

338 KyoPewz the Cudgeller (level 6, -1/59 HPs)
             Began as an Ogre Gladiator on Aug 1, 2023.
             Slain by a sleepcap (16 damage)
             ... on level 4 of the Dungeon.
             The game lasted 00:05:00 (3264 turns).

KyoPewz the Cudgeller (Ogre Gladiator)              Turns: 3264, Time: 00:05:01

Health: -1/59      AC:  3    Str: 21    XL:     6   Next: 55%
Magic:  6/6        EV:  1    Int:  9    God:
Gold:   180        SH:  0    Dex:  6    Spells: 5/5 levels left

rFire   . . .        y - +7 rapier of Extermination {venom, Will++ Dex-4}
rCold   . . .        (no shield)
rNeg    . . .        b - +0 robe
rPois   .            c - +0 hat
rElec   .            (no cloak)
rCorr   .            (gloves unavailable)
SInv    .            (boots unavailable)
Will    ++...        (no amulet)
Stlth   +            (no ring)
HPRegen 0.29/turn    (no ring)
MPRegen 0.10/turn

%: no passive effects
@: sleeping
A: large, unfitting armour, tough skin 1
a: no special abilities


You were on level 4 of the Dungeon.
You visited 1 branch of the dungeon, and saw 4 of its levels.

You collected 180 gold pieces.

Inventory:

Hand Weapons
 a - a +0 flail
 k - a +2 dagger of protection
 y - the +7 rapier of Extermination (weapon) {venom, Will++ Dex-4}
   (You found it on level 4 of the Dungeon)

   Dex:       It affects your dexterity (-4).
   Will:      It greatly increases your willpower.
Missiles
 d - 3 throwing nets (quivered)
 e - a large rock
 h - 46 stones
 v - 6 poisoned darts
Armour
 b - a +0 robe (worn)
 c - a +0 hat (worn)
Magical Staves
 z - a staff of conjuration
Scrolls
 g - 3 scrolls of teleportation {unknown}
 i - a scroll of poison {unknown}
 j - a scroll of enchant armour {unknown}
 n - 2 scrolls of identify {unknown}
 p - a scroll of fog {unknown}
 q - 2 scrolls of enchant weapon {unknown}
 r - a scroll of amnesia {unknown}
 t - a scroll of noise {unknown}
 u - a scroll of blinking {unknown}
 w - a scroll of silence {unknown}
Potions
 f - 4 potions of might {unknown}
 l - a potion of invisibility {unknown}
 m - a potion of resistance {unknown}
 o - 5 potions of curing {unknown}
 s - 2 potions of brilliance {unknown}
 x - a potion of cancellation {unknown}


   Skills:
 - Level 2.6 Fighting
 + Level 6.5 Maces & Flails
 - Level 2.0 Throwing
 - Level 2.6 Dodging


You had 5 spell levels left.
You didn't know any spells.
Your spell library contained the following spells:

 Spells                   Type           Power      Damage    Failure   Level
 Foxfire                  Conj/Fire      0%         2x1d4     38%         1
 Fireball                 Conj/Fire      0%         3d3       100%        5
 Plasma Beam              Fire/Air       0%         2x1d11    100%        6
 Starburst                Conj/Fire      0%         6d3       100%        6


Dungeon Overview and Level Annotations

Branches:
Dungeon (4/15)
 Temple: D:4-7

Altars:
Sif Muna

Shops:
D:4 (


Innate Abilities, Weirdness & Mutations

You are too large for most types of armour.
You have tough skin. (AC +1)


Message History

You puncture the sleepcap!
The sleepcap is moderately damaged.
The sleepcap releases spores at you but does no damage.
You hit the sleepcap.
The sleepcap is moderately damaged.
The sleepcap releases spores at you!
You are engulfed in a cloud of soporific spores!
You fall asleep.
The sleepcap releases spores at you!!
You wake up.
You are engulfed in a cloud of soporific spores!
You are unaffected.
You take 28 damage, and have 31/59 hp.
MASSIVE DAMAGE!!
You hit the sleepcap but do no damage.
The sleepcap is poisoned.
The sleepcap is moderately damaged.
The sleepcap barely misses you.
You hit the sleepcap.
The sleepcap is heavily damaged.
The sleepcap releases spores at you!
You are engulfed in a cloud of soporific spores!
You are unaffected.
You take 7 damage, and have 25/59 hp.
You hit the sleepcap but do no damage.
The sleepcap is heavily damaged.
The sleepcap releases spores at you but does no damage.
You hit the sleepcap but do no damage.
The sleepcap is heavily damaged.
The sleepcap releases spores at you!
You take 6 damage, and have 19/59 hp.
Press: ? - help, v - describe, . - travel
Here: a sleepcap (heavily damaged, very poisoned)
The floor.
Unknown command.
You hit the sleepcap.
The sleepcap is severely damaged.
The sleepcap releases spores at you.
* * * LOW HITPOINT WARNING * * *
You are engulfed in a cloud of soporific spores!
You fall asleep.
The sleepcap releases spores at you!
You die...

..#.##..#...... .# #
##.##....#.
..#.##..#......# #
#.....#....
........#....
##......##.
..#.###...... #
###..######)
.##......## .#....>.#
#. .##..⌠.⌠..#
#####...####.# #. .
#...∩...####.....# ..
###..⌠.⌠..##.....#....
##.
...)......##.#.#@#.. .
#.
....###..........f....#
#. ....#
######...#.#....# #.
#... #...#.#....# #.
#.## ....##.# ...# #.
.###.##.# .### #.##.# #
.##.# .#


You could see a sleepcap (very poisoned).

Vanquished Creatures
  A phantom (D:4)
  A hound (D:4)
  A jelly (D:3)
  Jessica (D:2)
  Natasha (thrice) (D:2)
  4 adders
  A worm (D:2)
  4 orcs (D:3)
  8 endoplasms
  5 giant cockroaches
  2 hobgoblins (D:1)
  4 jackals (D:1)
  3 quokkas
  5 ball pythons
  3 bats
  4 frilled lizards
  4 goblins
  5 kobolds
  4 rats
63 creatures vanquished.

Notes
Turn   | Place    | Note
-------+----------+-------------------------------------------
     0 | D:1      | KyoPewz the Ogre Gladiator began the quest for the Orb.
     0 | D:1      | Reached XP level 1. HP: 22/22 MP: 1/1
   103 | D:1      | Reached skill level 3 in Maces & Flails
   136 | D:1      | Reached XP level 2. HP: 21/29 MP: 2/2
   980 | D:1      | Reached XP level 3. HP: 36/36 MP: 3/3
  1180 | D:2      | Identified the +4 dagger "Oticober" {flame, rC+ Str+3}
  1203 | D:2      | Reached skill level 4 in Maces & Flails
  1252 | D:2      | Found a faded altar of an unknown god.
  1278 | D:2      | Reached XP level 4. HP: 25/44 MP: 4/4
  1399 | D:2      | Noticed Natasha
  1418 | D:2      | Killed Natasha
  1554 | D:2      | Noticed Natasha
  1555 | D:2      | Killed Natasha
  1556 | D:2      | Reached skill level 5 in Maces & Flails
  1556 | D:2      | Reached XP level 5. HP: 50/50 MP: 5/5
  1557 | D:2      | Noticed Jessica
  1568 | D:2      | Killed Jessica
  1589 | D:2      | Noticed Natasha
  1590 | D:2      | Killed Natasha
  2671 | D:4      | Found a shimmering blue altar of Sif Muna.
  2689 | D:4      | Reached XP level 6. HP: 40/59 MP: 6/6
  2827 | D:4      | Reached skill level 6 in Maces & Flails
  2901 | D:4      | Identified the +7 rapier of Extermination {venom, Will++
                  | Dex-4}
  3221 | D:4      | Found Bibb's Weapon Boutique.
  3264 | D:4      | Slain by a sleepcap

Illustrated notes

Levels and vault maps discovered:
D:1:      dpeg_arrival_tiny_c, layout_loops_corners, nrook_uturn,
          item_on_display_a
D:2:      layout_rooms, hellmonk_ecumenical_altar_run_dry, uniq_natasha,
          uniq_jessica
D:3:      layout_basic
D:4:      layout_basic, mainiacjoe_overflow_cross_hatched, serial_shops,
          shop_fountains

Skill      XL: |  1  2  3  4  5  6 |
---------------+-------------------+-----
Maces & Flails | 3 4 5 6 |  6.5
Fighting       | |  2.6
Throwing       | |  2.0
Dodging        | |  2.6

Action                     |  1- 3 |  4- 6 || total
---------------------------+-------+-------++-------
  Melee: Flail             |    62 |       ||    62
         Punch             |     1 |     1 ||     2
         Dagger            |    66 |   126 ||   192
         Rapier            |       |    30 ||    30
  Throw: Large rock        |       |     4 ||     4
   Stab: Sleeping          |     1 |       ||     1
 Armour: Robe              |    56 |    59 ||   115
  Dodge: Dodged            |    57 |    83 ||   140
